 Dungeon Crawl Stone Soup version 0.31-a0-187-gba352fbbf7 (webtiles) character file.

Game seed: 3689677572811151108

65 qw the Shooter (level 3, 0/20 HPs)
             Began as a Deep Elf Hunter on June 22, 2023.
             Slain by an iguana (7 damage)
             ... on level 3 of the Dungeon.
             The game lasted 00:00:33 (1545 turns).

qw the Shooter (Deep Elf Hunter)                    Turns: 1545, Time: 00:00:34

Health: 0/20       AC:  4    Str: 14    XL:     3   Next: 92%
Magic:  5/5        EV: 12    Int: 13    God:
Gold:   117        SH:  0    Dex: 20    Spells: 2/2 levels left

rFire   . . .        Y - +0 shortbow
rCold   . . .        (shield currently unavailable)
rNeg    . . .        c - +0 leather armour
rPois   .            (no helmet)
rElec   .            (no cloak)
rCorr   .            (no gloves)
SInv    .            d - +0 pair of boots
Will    .....        (no amulet)
Stlth   ++           g - +6 ring of strength
HPRegen 0.23/turn    (no ring)
MPRegen 0.09/turn

%: no passive effects
@: no status effects
A: no striking features
a: no special abilities


You were on level 3 of the Dungeon.
You visited 1 branch of the dungeon, and saw 3 of its levels.

You collected 117 gold pieces.


   Skills:
 - Level 1.5 Fighting
 + Level 7.4 Ranged Weapons
 - Level 2.4 Dodging
 - Level 1.2 Stealth


You had 2 spell levels left.
You didn't know any spells.
Your spell library was empty.

Inventory:

Hand Weapons
 Y - a +0 shortbow (weapon)
Armour
 c - a +0 leather armour (worn)
 d - a +0 pair of boots (worn)
Jewellery
 f - a ring of fire
 g - a +6 ring of strength (left hand)
Scrolls
 a - a scroll of blinking {unknown}
Potions
 b - a potion of mutation {unknown}
 e - a potion of heal wounds
 h - a potion of haste {unknown}
 i - a potion of degeneration {unknown}
 j - a potion of curing {unknown}

Dungeon Overview and Level Annotations

Branches:
Dungeon (3/15)

Altars:


Message History

You kill the endoplasm!
A quokka comes into view.
You shoot an arrow. The arrow hits the quokka!
You kill the quokka!
A frilled lizard comes into view.
You shoot an arrow. The arrow hits the frilled lizard.
The frilled lizard hisses angrily.
The frilled lizard is heavily wounded.
You shoot an arrow. The arrow misses the frilled lizard.
You shoot an arrow.
The arrow closely misses the frilled lizard.
You shoot an arrow. The arrow misses the frilled lizard.
You shoot an arrow.
The arrow barely misses the frilled lizard.
The frilled lizard closely misses you.
You shoot an arrow. The arrow hits the frilled lizard.
You kill the frilled lizard!
f - a ring of fire
j - a metallic dark potion An iguana comes into view.
Enter note: You shoot an arrow.
The arrow hits the iguana but does no damage.
The iguana hisses angrily.
You shoot an arrow. The arrow hits the iguana.
The iguana is lightly wounded.
You shoot an arrow. The arrow barely misses the iguana.
You shoot an arrow. The arrow closely misses the iguana.
You shoot an arrow. The arrow hits the iguana!
The iguana is severely wounded.
You shoot an arrow.
The arrow hits the iguana but does no damage.
The iguana is severely wounded.
You shoot an arrow. The arrow barely misses the iguana.
The iguana bites you!
Ouch! That really hurt!
You shoot an arrow. The arrow hits the iguana.
The iguana is almost dead.
The iguana bites you!
You die...

..... ..... #...# #...#
#...# ... #l# #@#
####.#####
#######........##
#.......##......####
####..................#
#.......##.###.....##.#
#........#........###.#
#..#..#..#.......####.#
#.....#..#.......# #..#


You could see an iguana.

Vanquished Creatures
  2 adders (D:2)
  2 orcs (D:2)
  6 bats
  4 endoplasms
  3 giant cockroaches
  2 hobgoblins
  3 kobolds
  2 quokkas
  7 ball pythons
  5 frilled lizards
  3 goblins
  4 rats
43 creatures vanquished.

Notes
Turn   | Place    | Note
-------+----------+-------------------------------------------
     0 | D:1      | qw the Deep Elf Hunter began the quest for the Orb.
     0 | D:1      | Reached XP level 1. HP: 12/12 MP: 3/3
     0 | D:1      | 0 ||| qw: Version: 0.3-a-9-g12657ce
     0 | D:1      | 0 ||| qw: Game counter: 2247
     0 | D:1      | 0 ||| qw: Always use a shield: true
     0 | D:1      | 0 ||| qw: God list: Okawaru
     0 | D:1      | 0 ||| qw: Allow faded altars: false
     0 | D:1      | 0 ||| qw: Do Orc after D:15 true
     0 | D:1      | 0 ||| qw: Do second Lair branch before Depths: true
     0 | D:1      | 0 ||| qw: Lair rune preference: random
     0 | D:1      | 0 ||| qw: Plans: Normal
     0 | D:1      | 0 ||| PLANNING D:1-11
   189 | D:1      | Reached XP level 2. HP: 16/16 MP: 4/4
   191 | D:1      | Reached skill level 6 in Ranged Weapons
   770 | D:1      | 770 ||| UPGRADING to +0 pair of boots.
   775 | D:1      | 775 ||| UPGRADING to +6 ring of strength.
   776 | D:1      | 776 ||| READING scroll labelled UBRATY DETYAG.
   777 | D:1      | 777 ||| DROPPING scroll of butterflies.
   855 | D:2      | 855 ||| DROPPING +0 sling of freezing.
   998 | D:2      | Reached XP level 3. HP: 20/20 MP: 5/5
  1192 | D:2      | Reached skill level 7 in Ranged Weapons
  1266 | D:2      | Found a faded altar of an unknown god.
  1404 | D:2      | 1404 ||| READING scroll labelled ROIN NUOTAXYT.
  1405 | D:2      | 1405 ||| READING scroll labelled NUTOTH UBOAB.
  1406 | D:2      | 1406 ||| DRINKING 2 orange potions.
  1545 | D:3      | Slain by an iguana

Levels and vault maps discovered:
D:1:      sevenhm_arrival_forest_fort_large_4, layout_loops_cross
D:2:      layout_loops_cross, hellmonk_ecumenical_altar_defaced_shrine
D:3:      cheibrodos_old_hovel, layout_loops_cross, uniq_natasha, uniq_grinder,
          uniq_robin

Skill      XL: |  1  2  3 |
---------------+----------+-----
Ranged Weapons | 6 7 |  7.4
Fighting       | |  1.5
Dodging        | |  2.4
Stealth        | |  1.2

Action                     || total
---------------------------++-------
   Fire: Shortbow          ||   109
    Use: Scroll            ||     3
         Potion            ||     1
 Armour: Leather armour    ||    12
  Dodge: Dodged            ||    17

Table legend:
 A = Non-vault XP
 B = Vault XP
 C = Vault XP percentage of total XP
 D = Non-vault monster count
 E = Vault monster count
 F = Vault count percentage of total count
                 A         B        C        D         E       F
            +---------+---------+-------+---------+---------+-------
      Total |      87 |       6 |   6.5 |      41 |       2 |   4.7
            +---------+---------+-------+---------+---------+-------
        D:1 |      30 |       0 |   0.0 |      20 |       0 |   0.0
        D:2 |      49 |       6 |  10.9 |      16 |       2 |  11.1
        D:3 |       8 |       0 |   0.0 |       5 |       0 |   0.0
            +---------+---------+-------+---------+---------+-------
